[Event "*** Titled Tuesday 3|2 Blitz"]
[Site "Chess.com"]
[Date "2016.05.03"]
[Round "4"]
[White "GMVladimir_Petkov"]
[Black "Alexander_Donchenko"]
[Result "0-1"]
[WhiteElo "2178"]
[BlackElo "2644"]
[TimeControl "180+2"]
[EndTime "11:46:03 PDT"]
[Termination "Alexander_Donchenko won by checkmate"]

1. d4 Nf6 2. Bf4 d5 3. e3 c5 4.
c3 Nc6 5. Nd2 Bf5 6. Qb3 Qc8 7.
Ngf3 e6 8. Bb5 Be7 9. dxc5 Bxc5 10. O-O O-O 11. Nd4 Bg6 12. N2f3 Nd7 13. Rad1 a6 14. Bxc6 bxc6 15. Qa4 Nb8 16. Ne5 Bxd4 17. cxd4 Be4 18.
Rc1 Qb7 19. b3 Rc8 20. f3 Bf5 21. Rc3 a5 22. Rfc1 Ra6 23. g4 Bg6 24. Nxg6 hxg6 25. Bxb8 Qxb8 26. Rxc6 Raxc6 27. Rxc6 Rxc6 28. Qxc6 Qb4 29.
Qc1 g5 30. Kf2 g6 31. Ke2 Qb5+ 32. Kd2 Kg7 33. Ke1 Qd3 34. Qd2 Qb1+ 35. Kf2 Qh1 36.
Kg3 Qg1+ 37. Kh3 f5 38. Qxa5 Qxe3 39. Qc7+ Kh6 40. Qe5 Qxf3+ 41. Qg3 fxg4# 0-1

[Event "*** Titled Tuesday 3|2 Blitz"]
[Site "Chess.com"]
[Date "2016.05.03"]
[Round "4"]
[White "Tesla17"]
[Black "Wolverine_master"]
[Result "0-1"]
[WhiteElo "2219"]
[BlackElo "2028"]
[TimeControl "180+2"]
[EndTime "11:46:05 PDT"]
[Termination "Wolverine_master won by resignation"]

1. d4 Nf6 2. c4 c5 3. d5 b5 4. cxb5 a6 5. bxa6 Bxa6 6. Nc3 d6 7. Nf3 g6 8. g3 Bg7 9. Bg2 Nbd7 10. Rb1 Qa5 11.
O-O O-O 12. Bd2 Rfb8 13. b3 Ng4 14. Qc1 Bxc3 15. Bxc3 Qxa2 16. Rb2 Qa3 17. h3 Ngf6 18. Qh6 Rxb3 19. Rxb3 Qxb3 20. Ba1 Bxe2 21. Ng5 Bxf1 22. Bxf6 Nxf6 23. Bxf1 Ra1 0-1

[Event "*** Titled Tuesday 3|2 Blitz"]
[Site "Chess.com"]
[Date "2016.05.03"]
[Round "4"]
[White "AdrianaNikolova"]
[Black "Fh2411"]
[Result "1-0"]
[WhiteElo "2241"]
[BlackElo "2267"]
[TimeControl "180+2"]
[EndTime "11:46:35 PDT"]
[Termination "AdrianaNikolova won by resignation"]

1. e4 e5 2. Nf3 Nc6 3. Bb5 Nf6 4. O-O Nxe4 5. d4 Nd6 6. Bxc6 dxc6 7. dxe5 Nf5 8. Qe2 Be6 9. Rd1 Qc8 10. Nc3 Be7 11.
Ne4 h6 12. h3 b6 13. b3 O-O 14. Bb2 c5 15. c4 Qb7 16. Rd3 Rad8 17. Rad1 Rxd3 18. Rxd3 Rd8 19. g4 Nh4 20. Nxh4 Bxh4 21. Nf6+ Bxf6 22. exf6 Rxd3 23. Qxd3 gxf6 24. Qd8+ Kh7 25.
Qxf6 1-0

[Event "*** Titled Tuesday 3|2 Blitz"]
[Site "Chess.com"]
[Date "2016.05.03"]
[Round "4"]
[White "rhungaski"]
[Black "ShimanovAlex"]
[Result "0-1"]
[WhiteElo "2469"]
[BlackElo "2650"]
[TimeControl "180+2"]
[EndTime "11:46:49 PDT"]
[Termination "ShimanovAlex won by checkmate"]

1. Nf3 Nf6 2. c4 g6 3. Nc3 Bg7 4. e4 O-O 5. d4 d6 6. Be2 Na6 7.
O-O e5 8. Re1 c6 9. Bf1 Qe7 10.
h3 h6 11. Rb1 Nc7 12. b3 Rd8 13. Bb2 Ne6 14. d5 Nf4 15. Kh2 Nh7 16. g3 Nh5 17.
Bg2 c5 18. Qd2 Ng5 19. Ng1 Qf8 20. Rf1 f5 21. exf5 gxf5 22. Rbe1 f4 23. Qd1 Nf6 24. Nf3 Qf7 25. Nh4 Bd7 26. Qb1 Re8 27. Qg6 Qxg6 28. Nxg6 f3 29. Bh1 Bxh3 30. Nb5 Bxf1 31. Rxf1 Ng4+ 32. Kg1 Nh3# 0-1

[Event "*** Titled Tuesday 3|2 Blitz"]
[Site "Chess.com"]
[Date "2016.05.03"]
[Round "4"]
[White "APL2001"]
[Black "wanyaland"]
[Result "1-0"]
[WhiteElo "2171"]
[BlackElo "2247"]
[TimeControl "180+2"]
[EndTime "11:46:53 PDT"]
[Termination "APL2001 won on time"]

1. e4 c5 2. Nf3 e6 3. d4 cxd4 4. Nxd4 a6 5. c4 Qc7 6. Nc3 Nf6 7. Be2 Nc6 8. O-O Bc5 9. Be3 Ne5 10. f4 Nc6 11.
Bf2 d6 12. b3 Bd7 13. Qd3 1-0

[Event "*** Titled Tuesday 3|2 Blitz"]
[Site "Chess.com"]
[Date "2016.05.03"]
[Round "4"]
[White "Aguiar94"]
[Black "Badouuu"]
[Result "1-0"]
[WhiteElo "2397"]
[BlackElo "2002"]
[TimeControl "180+2"]
[EndTime "11:46:54 PDT"]
[Termination "Aguiar94 won by resignation"]

1. e4 c5 2. Nf3 Nc6 3. d4 cxd4 4. Nxd4 e5 5. Nb5 d6 6. N1c3 a6 7. Na3 b5 8. Nd5 Nge7 9. c4 Nd4 10. cxb5 Nxd5 11.
exd5 Be7 12. bxa6 Qa5+ 13. Bd2 Qxd5 14. Nc4 Bxa6 15. Ne3 Qc6 16. Rc1 Qd7 17. Bxa6 Rxa6 18. a3 O-O 19. Bc3 Ne6 20. O-O Raa8 21. Bxe5 Bg5 22. Qxd6 Qb7 23. Qc6 Qb3 24. Qc3 Qb7 25. Nf5 Bxc1 26. Bxg7 Qc7 27. Rxc1 Qxc3 28. Bxc3 Rfc8 29.
Ne7+ Kf8 30. Nxc8 Rxc8 31. Bb4+ 1-0

[Event "*** Titled Tuesday 3|2 Blitz"]
[Site "Chess.com"]
[Date "2016.05.03"]
[Round "4"]
[White "Keranke"]
[Black "VSERGUEI"]
[Result "0-1"]
[WhiteElo "2589"]
[BlackElo "2480"]
[TimeControl "180+2"]
[EndTime "11:47:05 PDT"]
[Termination "VSERGUEI won by resignation"]

1. d4 d5 2. Bf4 c5 3. e3 Nc6 4.
Nc3 a6 5. Nf3 e6 6. a3 Nf6 7. Bd3 b5 8. O-O Bb7 9. dxc5 Bxc5 10.
e4 d4 11. Ne2 Rc8 12. e5 Nd5 13. Bg5 Qc7 14. Re1 Nxe5 15. Nexd4 Nxd3 16. Qxd3 O-O 17. Rad1 h6 18. Bh4 Nf4 19. Qe3 Bxd4 20. Rxd4 Nd5 21.
Qe4 Qxc2 22. Qg4 Qxb2 23. Ne5 f5 24. Qd1 Nc3 25. Qd3 Ne2+ 26. Qxe2 Qxe2 0-1

[Event "*** Titled Tuesday 3|2 Blitz"]
[Site "Chess.com"]
[Date "2016.05.03"]
[Round "4"]
[White "Mischuk_D"]
[Black "Lector118"]
[Result "1-0"]
[WhiteElo "2467"]
[BlackElo "2298"]
[TimeControl "180+2"]
[EndTime "11:47:06 PDT"]
[Termination "Mischuk_D won by resignation"]

1. e4 c5 2. Nf3 d6 3. d4 cxd4 4. Nxd4 Nf6 5. Nc3 Nc6 6. Bg5 e6 7. Qd2 Be7 8. O-O-O Nxd4 9. Qxd4 O-O 10. f4 h6 11. Bh4 Qa5 12. e5 dxe5 13. Qxe5 b5 14.
Qxb5 Qc7 15. Qe5 Qb7 16. Bd3 Rb8 17. b3 Bd7 18. Ne4 Ng4 19. Qh5 Bxh4 20. Qxh4 Ne3 21. Nc5 Qb4 22. Nxd7 Qa3+ 23. Kd2 Nxd1 24. Rxd1 Qb4+ 25.
Ke2 Qb7 26. Qf2 1-0

[Event "*** Titled Tuesday 3|2 Blitz"]
[Site "Chess.com"]
[Date "2016.05.03"]
[Round "4"]
[White "Aygehovit1992"]
[Black "Quinten94"]
[Result "0-1"]
[WhiteElo "2484"]
[BlackElo "2322"]
[TimeControl "180+2"]
[EndTime "11:47:18 PDT"]
[Termination "Quinten94 won by resignation"]

1. e4 c6 2. d4 d5 3. e5 Bf5 4. Nf3 e6 5. Be2 Nd7 6. O-O h6 7. Nbd2 Qc7 8. a4 Ne7 9. c4 g5 10. b4 Bg7 11. b5 c5 12. Ba3 O-O 13. Rc1 b6 14. cxd5 Nxd5 15. Nb3 Nf4 16. Re1 Rfd8 17.
Bf1 Qb7 18. dxc5 bxc5 19. Na5 Qc7 20. Nc6 Nxe5 21. Nxd8 Rxd8 22. Qb3 Nfd3 23. Nxe5 Nxc1 24. Rxc1 Bxe5 25. Rxc5 Bxh2+ 26. Kh1 Qf4 27. Qf3 Qh4 28. g4 Bg3+ 0-1

[Event "*** Titled Tuesday 3|2 Blitz"]
[Site "Chess.com"]
[Date "2016.05.03"]
[Round "4"]
[White "Kawhi_Leonard2"]
[Black "platy3"]
[Result "0-1"]
[WhiteElo "2074"]
[BlackElo "2645"]
[TimeControl "180+2"]
[EndTime "11:47:19 PDT"]
[Termination "platy3 won by resignation"]

1. e4 c5 2. Nf3 e6 3. d4 cxd4 4. Nxd4 Nf6 5. Nc3 d6 6. Be2 Be7 7. O-O O-O 8. f4 Nc6 9. Be3 a6 10.
Kh1 Qc7 11. Bf3 Bd7 12. a4 Nxd4 13. Qxd4 Bc6 14. e5 dxe5 15. fxe5 Nd7 16. Bf4 Rad8 17. Rae1 Nc5 18. Qc4 Rc8 19. Bg3 Rfd8 20. Qg4 b5 21. axb5 axb5 22. Bxc6 Qxc6 23. Re2 Rf8 24. Bf4 Kh8 25. Re3 f5 26. exf6 Rxf6 27. Rfe1 Rcf8 28. h3 Rxf4 0-1

[Event "*** Titled Tuesday 3|2 Blitz"]
[Site "Chess.com"]
[Date "2016.05.03"]
[Round "4"]
[White "FLchessplayer"]
[Black "Pomoc"]
[Result "0-1"]
[WhiteElo "2078"]
[BlackElo "2094"]
[TimeControl "180+2"]
[EndTime "11:47:34 PDT"]
[Termination "Pomoc won by resignation"]

1. e4 c5 2. Nf3 e6 3. d4 cxd4 4.
Nxd4 a6 5. Bd3 Nf6 6. a3 Qc7 7.
Qe2 d6 8. c4 g6 9. Be3 Bg7 10.
Nc3 O-O 11. Rc1 Nbd7 12. f3 b6 13. O-O Bb7 14. Rfd1 Rac8 15. b3 Rfe8 16. Qf2 Qb8 17.
Bf1 d5 18. cxd5 exd5 19. exd5 b5 20. d6 Nd5 21. Nxd5 Bxd5 22. Rxc8 Rxc8 23. Nf5 Bxb3 24. Ne7+ Kh8 25. Rb1 Rc2 26. Qg3 Be6 27. Bf4 Qb6+ 28.
Kh1 Rc3 29. a4 b4 30. h4 h5 31. Be5 Bxe5 32. Qxe5+ Nxe5 0-1

[Event "*** Titled Tuesday 3|2 Blitz"]
[Site "Chess.com"]
[Date "2016.05.03"]
[Round "4"]
[White "tac49"]
[Black "Krasimir_Rusev"]
[Result "0-1"]
[WhiteElo "2568"]
[BlackElo "2502"]
[TimeControl "180+2"]
[EndTime "11:47:39 PDT"]
[Termination "Krasimir_Rusev won by resignation"]

1. e4 e5 2. Nf3 d6 3. d4 exd4 4. Nxd4 Nf6 5. Nc3 Be7 6. g3 O-O 7.
Bg2 Re8 8. O-O Bf8 9. h3 c6 10. Re1 Na6 11. b3 Nc5 12. Bb2 a5 13. a3 Qb6 14.
Qf3 Bd7 15. Nf5 Bxf5 16. Qxf5 Re6 17. e5 Rae8 18. Ne4 Nfxe4 19. Bxe4 g6 20. Qg5 Bg7 21. Bg2 Bxe5 22. Bxe5 Rxe5 23. Rxe5 Rxe5 24. Qf6 Ne6 25. Qe7 Qd4 26. Rf1 Kg7 27. Qxb7 c5 28. Qa6 Qd2 29. Qc4 Nd4 30. Bd5 Rxd5 0-1

[Event "*** Titled Tuesday 3|2 Blitz"]
[Site "Chess.com"]
[Date "2016.05.03"]
[Round "4"]
[White "SmoothAsAHedgehog"]
[Black "swayamsm"]
[Result "1-0"]
[WhiteElo "2542"]
[BlackElo "2508"]
[TimeControl "180+2"]
[EndTime "11:48:00 PDT"]
[Termination "SmoothAsAHedgehog won by resignation"]

1. Nf3 Nf6 2. c4 b6 3. g3 Bb7 4. Bg2 c5 5. O-O g6 6. b3 Bg7 7. Bb2 O-O 8. d4 cxd4 9. Nxd4 Bxg2 10. Kxg2 Qc8 11. e3 Qb7+ 12. Qf3 Qxf3+ 13. Kxf3 Nc6 14.
Rd1 Rfd8 15. Nc3 Nxd4+ 16. Rxd4 d6 17. Rd2 Rac8 18. Rad1 Rc7 19. Nb5 Rb7 20. g4 a6 21.
Na3 Rc8 22. Rc2 Nd7 23. Bxg7 Kxg7 24. Ke2 Ne5 25. h3 b5 26. f4 Nd7 27. cxb5 Rxc2+ 28.
Nxc2 axb5 29. Nb4 Nc5 30. Rc1 e6 31. Nd3 Ne4 32. Rc2 Ra7 33. Kf3 f5 34. Nf2 Nxf2 35. Kxf2 b4 36. Kf3 d5 37. Ke2 h6 38.
Kd3 Kf6 39. Kd4 Ra8 40. Rg2 Rc8 41. a3 bxa3 42. Ra2 Ra8 43. b4 g5 44. fxg5+ hxg5 45. b5 f4 46. exf4 gxf4 47. h4 Ra5 48. Kc5 f3 49. Kb6 Ra4 50. Kc5 Ke5 51. b6 f2 52.
Re2+ Kf4 53. Rxf2+ Kg3 54. Ra2 Ra5+ 55. Kb4 Ra6 56.
Rxa3+ Rxa3 57. Kxa3 1-0

[Event "*** Titled Tuesday 3|2 Blitz"]
[Site "Chess.com"]
[Date "2016.05.03"]
[Round "4"]
[White "Bentery"]
[Black "dretch"]
[Result "0-1"]
[WhiteElo "2363"]
[BlackElo "2563"]
[TimeControl "180+2"]
[EndTime "11:48:09 PDT"]
[Termination "dretch won by resignation"]

1. Nf3 d5 2. g3 Bg4 3. Bg2 Nd7 4.
c4 e6 5. cxd5 exd5 6. O-O Ngf6 7. d3 Bd6 8. Qb3 Nc5 9. Qc2 O-O 10. h3 Bd7 11. Nc3 Re8 12. b4 Ne6 13. Rb1 d4 14. Ne4 Be7 15. Ne5 Nd5 16. Nc5 Nxb4 17. Rxb4 Bxc5 18.
Rc4 Bd6 19. Nxd7 c6 20. Rxc6 bxc6 21. Qxc6 Qe7 22. f4 Rac8 23. Qa4 Rxc1 24. Rxc1 Nxf4 25. gxf4 Qe3+ 0-1

[Event "*** Titled Tuesday 3|2 Blitz"]
[Site "Chess.com"]
[Date "2016.05.03"]
[Round "4"]
[White "Anton_Demchenko"]
[Black "MinhGTrAn"]
[Result "1-0"]
[WhiteElo "2659"]
[BlackElo "2626"]
[TimeControl "180+2"]
[EndTime "11:48:14 PDT"]
[Termination "Anton_Demchenko won on time"]

1. e4 c5 2. Nf3 d6 3. d4 cxd4 4.
Nxd4 Nf6 5. Nc3 a6 6. f3 e5 7. Nb3 Be6 8. Be3 Nbd7 9. g4 h6 10.
Qd2 b5 11. O-O-O Nb6 12. Qf2 Nfd7 13. Kb1 Rc8 14. Nd5 Bxd5 15. exd5 Nc4 16. Bc1 Be7 17. h4 a5 18. Nd2 Qc7 19. Nxc4 bxc4 20. c3 a4 21. a3 Qb7 22. Qc2 Qb5 23. f4 Rc5 24.
Bg2 1-0

[Event "*** Titled Tuesday 3|2 Blitz"]
[Site "Chess.com"]
[Date "2016.05.03"]
[Round "4"]
[White "oskariot"]
[Black "Elshan1985"]
[Result "0-1"]
[WhiteElo "2430"]
[BlackElo "2580"]
[TimeControl "180+2"]
[EndTime "11:48:14 PDT"]
[Termination "Elshan1985 won on time"]

1. e4 Nc6 2. Nf3 e5 3. d4 exd4 4. Nxd4 Bb4+ 5. c3 Bc5 6. Be3 Bb6 7. Nf5 g6 8. Bxb6 axb6 9. Ne3 Nf6 10. Bd3 O-O 11.
c4 Nb4 12. Nc3 Nxd3+ 13. Qxd3 d6 14. O-O Re8 15. Rfe1 Ng4 16. Nxg4 Bxg4 17. f4 Be6 18. f5 Bd7 19. Rf1 Bc6 20. Rae1 Re5 21. Re3 Qe7 22. Ref3 Re8 23. b4 Bxe4 24. Nxe4 Rxe4 25. fxg6 fxg6 26.
Rf7 Qxf7 27. Rxf7 Kxf7 28. Qd5+ R4e6 29. Qxb7 R8e7 30. h3 Re2 31. a4 Ra2 32. Qc6 Kg7 33.
h4 Kh6 34. Qd5 Ree2 35. Qg5+ Kg7 36. Qd8 Rxg2+ 37. Kh1 Rgf2 38. Qxc7+ Rf7 39. Qxb6 Rf1+ 0-1

[Event "*** Titled Tuesday 3|2 Blitz"]
[Site "Chess.com"]
[Date "2016.05.03"]
[Round "4"]
[White "AleksandrNevski"]
[Black "Colombiano07"]
[Result "0-1"]
[WhiteElo "2393"]
[BlackElo "2252"]
[TimeControl "180+2"]
[EndTime "11:48:19 PDT"]
[Termination "Colombiano07 won on time"]

1. e4 c5 2. Nf3 Nc6 3. d4 cxd4 4. Nxd4 e5 5. Nb5 d6 6. g3 Be7 7. Bg2 a6 8. N5c3 Nf6 9. O-O h6 10. a4 O-O 11. h3 Rb8 12. Be3 b5 13. axb5 axb5 14. Nd2 Be6 15. Nd5 Qd7 16. Kh2 Rfc8 17. c3 Bd8 18. Nb3 Bxd5 19. exd5 Ne7 20. Na5 Bb6 21.
Nc6 Nxc6 22. dxc6 Qc7 23. Bxb6 Rxb6 24. f4 e4 25. Qd4 Qxc6 26. Ra7 d5 27. Rd1 Rb7 28.
Raa1 Qc4 29. g4 Qxd4 30. Rxd4 Rc4 31. g5 hxg5 32. fxg5 Rxd4 33. cxd4 Nh5 0-1

[Event "*** Titled Tuesday 3|2 Blitz"]
[Site "Chess.com"]
[Date "2016.05.03"]
[Round "4"]
[White "GeorgMeier"]
[Black "Beca95"]
[Result "1-0"]
[WhiteElo "2762"]
[BlackElo "2562"]
[TimeControl "180+2"]
[EndTime "11:48:36 PDT"]
[Termination "GeorgMeier won by resignation"]

1. Nf3 Nf6 2. g3 d6 3. Bg2 e5 4.
c4 c5 5. Nc3 Nc6 6. d3 h6 7. a3 Be6 8. O-O Be7 9. Rb1 O-O 10.
b4 Qd7 11. e3 b6 12. Qc2 Rac8 13. Rd1 Rfd8 14. Bd2 cxb4 15. axb4 d5 16. b5 Nb4 17. Rxb4 Bxb4 18. Nxe5 Qd6 19. Nc6 dxc4 20. d4 Rd7 21. Ne4 Nxe4 22. Bxb4 Nc5 23. Ra1 a5 24. Ba3 Bd5 25.
dxc5 bxc5 26. Rd1 Rxc6 27. Rxd5 1-0

[Event "*** Titled Tuesday 3|2 Blitz"]
[Site "Chess.com"]
[Date "2016.05.03"]
[Round "4"]
[White "Blitzstream"]
[Black "iturrizaga"]
[Result "0-1"]
[WhiteElo "2417"]
[BlackElo "2564"]
[TimeControl "180+2"]
[EndTime "11:48:38 PDT"]
[Termination "iturrizaga won by resignation"]

1. d4 Nf6 2. Bg5 c5 3. Bxf6 gxf6 4. d5 Qb6 5. Qc1 Bg7 6. c4 d6 7.
Nc3 Nd7 8. f4 f5 9. e3 Nf6 10.
Bd3 Ne4 11. Nge2 O-O 12. O-O Bd7 13. Qc2 Nxc3 14. Nxc3 e6 15. e4 fxe4 16. Bxe4 f5 17. Bf3 e5 18. fxe5 Bxe5 19. Rae1 Rae8 20. Bh5 Re7 21.
Kh1 Rg7 22. Bf3 Qd8 23. Qf2 Qf6 24. Nd1 a6 25. b3 b5 26. Be2 Qh6 27. g4 Rf6 28.
Qg2 fxg4 29. Rxf6 Qxf6 30. Nf2 g3 31. Ne4 Qh4 32. Rg1 Bh3 33. Qxg3 Bxg3 0-1

[Event "*** Titled Tuesday 3|2 Blitz"]
[Site "Chess.com"]
[Date "2016.05.03"]
[Round "4"]
[White "jsdbv"]
[Black "the_drake"]
[Result "1-0"]
[WhiteElo "2325"]
[BlackElo "2203"]
[TimeControl "180+2"]
[EndTime "11:48:44 PDT"]
[Termination "jsdbv won on time"]

1. d4 d5 2. c4 e6 3. Nc3 Nf6 4. Nf3 Nbd7 5. e3 c6 6. Bd3 dxc4 7. Bxc4 b5 8. Bd3 Bb7 9. O-O a6 10. Ne4 Nxe4 11. Bxe4 Nf6 12. Bd3 c5 13. dxc5 Bxc5 14. b3 Bxf3 15. Qxf3 O-O 16. Rd1 Qb6 17. Bb2 Be7 18. g4 Qc5 19. h4 Rfd8 20. g5 Ne8 21. Bd4 Qb4 22. Rac1 e5 23. Qe4 f5 24. Qxf5 exd4 25.
Qxh7+ Kf7 26. g6+ Kf6 27. Qh5 Nd6 28. Rc6 Qc5 29. Qxc5 Bf8 30. Qf5+ Ke7 31. Rc7+ 1-0

[Event "*** Titled Tuesday 3|2 Blitz"]
[Site "Chess.com"]
[Date "2016.05.03"]
[Round "4"]
[White "Lupul_Cenusiu"]
[Black "Usurpov"]
[Result "1-0"]
[WhiteElo "2426"]
[BlackElo "2335"]
[TimeControl "180+2"]
[EndTime "11:48:47 PDT"]
[Termination "Lupul_Cenusiu won on time"]

1. d4 Nf6 2. Bg5 g6 3. Nd2 Bg7 4. Ngf3 d6 5. h3 O-O 6. e3 c5 7. c3 b6 8. Bc4 Bb7 9. a4 a6 10. O-O Nbd7 11. Re1 Ne4 12. Nxe4 Bxe4 13. Qe2 Bb7 14.
e4 cxd4 15. cxd4 Re8 16. Rad1 d5 17. exd5 Nf6 18. Ne5 Nxd5 19. Bd2 Qd6 20. Rc1 e6 21. Qf3 Re7 22. Qg4 Rc8 23. Qh4 Rec7 24. b3 b5 25. axb5 axb5 26. Bxb5 Rxc1 27. Rxc1 Rxc1+ 28. Bxc1 Nc3 29. Bf1 Qd5 30. Qe7 f6 31. Qf7+ Kh8 32. Qe8+ 1-0

[Event "*** Titled Tuesday 3|2 Blitz"]
[Site "Chess.com"]
[Date "2016.05.03"]
[Round "4"]
[White "BahadirOzen"]
[Black "Zazuliak"]
[Result "0-1"]
[WhiteElo "2499"]
[BlackElo "2374"]
[TimeControl "180+2"]
[EndTime "11:48:54 PDT"]
[Termination "Zazuliak won by resignation"]

1. b3 d5 2. Bb2 Nf6 3. g3 Bf5 4. Bg2 c6 5. d3 e6 6. Nd2 Be7 7. e4 dxe4 8. dxe4 Bg6 9. Ngf3 O-O 10. Qe2 Nbd7 11. O-O Nc5 12. Ne5 Nfd7 13. Nxg6 hxg6 14.
e5 a5 15. a3 Nb6 16. Rad1 Qc7 17. h4 Rfd8 18. h5 gxh5 19. Qxh5 g6 20. Qg4 Bf8 21.
f4 Bg7 22. b4 axb4 23. axb4 Nca4 24. Ba1 Nd5 25. Nc4 b5 26. Nd6 Ne3 27. Qh4 Nxf1 28.
Rxf1 Rxd6 29. exd6 Qxd6 30. Bxg7 Kxg7 31. Bf3 Qd4+ 32. Kg2 Rh8 33. Qe7 Qc3 34. Rf2 Nb6 35. g4 Nd5 36. Bxd5 cxd5 37. Kf1 Rh1+ 0-1

[Event "*** Titled Tuesday 3|2 Blitz"]
[Site "Chess.com"]
[Date "2016.05.03"]
[Round "4"]
[White "Rickstereo"]
[Black "Makalexa"]
[Result "1-0"]
[WhiteElo "2190"]
[BlackElo "2062"]
[TimeControl "180+2"]
[EndTime "11:48:55 PDT"]
[Termination "Rickstereo won by resignation"]

1. c4 c5 2. g3 g6 3. Bg2 Bg7 4.
Nc3 Nc6 5. a3 Nh6 6. b4 cxb4 7.
axb4 Nxb4 8. d4 d5 9. Qa4+ Qd7 10.
Qxb4 O-O 11. Bxh6 Bxh6 12. e3 dxc4 13. Nge2 Qg4 14. h3 Qh5 15. Ra5 f5 16. Qxc4+ Kh8 17. Nf4 Qg5 18. O-O Qf6 19. Nfd5 Qf7 20. Qc7 Be6 21.
Qxe7 Qg8 22. Nf6 Qg7 23. Qxe6 Rxf6 24. Qe5 Qf7 25. Nd5 Bg7 26. Nxf6 Bxf6 27. Bd5 Qf8 28. Qe6 Re8 29. Qf7 1-0

[Event "*** Titled Tuesday 3|2 Blitz"]
[Site "Chess.com"]
[Date "2016.05.03"]
[Round "4"]
[White "Winehouse83"]
[Black "ZEN-22"]
[Result "0-1"]
[WhiteElo "2358"]
[BlackElo "2406"]
[TimeControl "180+2"]
[EndTime "11:49:05 PDT"]
[Termination "ZEN-22 won by resignation"]

1. d4 d5 2. c4 e6 3. Nf3 a6 4. cxd5 exd5 5. Nc3 Bb4 6. Qb3 Nc6 7. a3 Ba5 8. Bg5 f6 9. Bf4 Nge7 10. e3 g5 11. Bg3 h5 12. h3 Be6 13. O-O-O Bxc3 14. Qxc3 Nf5 15. Bd3 Nxg3 16. Bg6+ Bf7 17. Bxf7+ Kxf7 18. fxg3 Qd6 19. Rhf1 Kg7 20. g4 hxg4 21. hxg4 Rae8 22. Qd3 Re4 23. Rh1 Rxh1 24. Rxh1 Qg3 25. Qe2 Qxg4 26. Qf2 Re8 27. g3 Rh8 28. Rxh8 Kxh8 29. Ne1 Qe6 30. Nd3 b6 31. Kd2 Na5 32. Qf3 Nc4+ 33. Ke2 Nd6 34. Qh5+ Kg7 35. Nf2 Nf5 36. Ng4 Nxd4+ 37.
Kd3 Qe4+ 38. Kc3 Nb5+ 39. Kd2 Qg6 40. Qh1 c6 41. Qc1 Qe4 42. Qd1 Nd6 43. Qe2 Nc4+ 44.
Kc3 Nxe3 45. Nxe3 d4+ 46. Kd2 Qxe3+ 47. Qxe3 dxe3+ 48. Kxe3 f5 0-1

[Event "*** Titled Tuesday 3|2 Blitz"]
[Site "Chess.com"]
[Date "2016.05.03"]
[Round "4"]
[White "JusticeBot"]
[Black "underdogchss"]
[Result "1-0"]
[WhiteElo "2554"]
[BlackElo "2361"]
[TimeControl "180+2"]
[EndTime "11:49:12 PDT"]
[Termination "JusticeBot won by resignation"]

1. e4 e5 2. Nf3 Nc6 3. Bc4 Bc5 4. b4 Bxb4 5. c3 Be7 6. d4 Na5 7. Be2 d6 8. Qa4+ c6 9. dxe5 b5 10. Qc2 dxe5 11. Nxe5 Nf6 12. O-O Qc7 13. f4 O-O 14.
Nd2 Nd7 15. Ndf3 Nxe5 16. Nxe5 f6 17. Nf3 Be6 18. Be3 Bc4 19. Nd4 Bc5 20. Kh1 Rfe8 21.
Rae1 Qf7 22. e5 Bxe2 23. Qxe2 Bxd4 24. Bxd4 f5 25. e6 Qg6 26. Rf3 Qg4 27. Rg3 Qxe2 28. Rxg7+ Kf8 29. Rxe2 Re7 30. Rg5 Nb7 31. Rxf5+ Kg8 32.
Re3 Rae8 33. Rg3+ 1-0

[Event "*** Titled Tuesday 3|2 Blitz"]
[Site "Chess.com"]
[Date "2016.05.03"]
[Round "4"]
[White "exoticprincess"]
[Black "chito89"]
[Result "1-0"]
[WhiteElo "2824"]
[BlackElo "2639"]
[TimeControl "180+2"]
[EndTime "11:49:15 PDT"]
[Termination "exoticprincess won by resignation"]

1. b3 d5 2. Bb2 Bf5 3. e3 Nd7 4.
f4 Ngf6 5. Nf3 e6 6. Nc3 h6 7. h3 Bh7 8. g4 Bd6 9. Bg2 c6 10. Qe2 Qe7 11. O-O-O Ba3 12. d3 Bxb2+ 13. Kxb2 O-O-O 14. e4 dxe4 15. dxe4 e5 16. f5 Nb6 17. a3 Nfd7 18.
h4 f6 19. g5 Bg8 20. Qe3 a5 21. gxf6 gxf6 22. Bf1 a4 23. b4 Bf7 24. Be2 Kc7 25. h5 Bc4 26. Nd2 Bxe2 27. Qxe2 Qf7 28. Rhg1 Rhg8 29.
Rg6 Nf8 30. Kc1 Nxg6 31. hxg6 Qg7 32. Qe3 Qe7 33. Qxh6 Kb8 34. Qe3 Rd4 35. Ne2 c5 36. Nxd4 cxd4 37. Qd3 Rc8 38. Nb1 Nc4 39. Rh1 Qd6 40. g7 Qe7 41. Rh8 1-0

[Event "*** Titled Tuesday 3|2 Blitz"]
[Site "Chess.com"]
[Date "2016.05.03"]
[Round "4"]
[White "GM_Levan_Pantsulaia"]
[Black "ChadaevNikolay"]
[Result "1-0"]
[WhiteElo "2491"]
[BlackElo "2549"]
[TimeControl "180+2"]
[EndTime "11:49:28 PDT"]
[Termination "GM_Levan_Pantsulaia won by resignation"]

1. Nf3 Nf6 2. g3 b5 3. Bg2 Bb7 4. b3 e6 5. c4 bxc4 6. bxc4 Be7 7.
Nc3 c5 8. Rb1 Bc6 9. O-O O-O 10.
e3 d6 11. d4 Ne4 12. Ne2 Bf6 13. Qc2 Qc8 14. Nf4 Na6 15. d5 exd5 16. cxd5 Nc3 17. dxc6 Nb4 18. Rxb4 cxb4 19. Bb2 Rb8 20. Bxc3 Bxc3 21.
Nd5 Re8 22. Nxc3 Qxc6 23. Ng5 Qxc3 24. Qxh7+ Kf8 25. Qf5 Re7 26. h4 Qe5 27. Qd3 Rc7 28. Rd1 a5 29. Bd5 a4 30. Qh7 Rbc8 31. Bxf7 Rc1 32.
Rxc1 Rxc1+ 33. Kg2 Rc7 34. Qg8+ Ke7 35. Bd5 Qf6 36. Qb8 Rc2 37. Qa7+ Ke8 38. Qxa4+ 1-0

[Event "*** Titled Tuesday 3|2 Blitz"]
[Site "Chess.com"]
[Date "2016.05.03"]
[Round "4"]
[White "wonderfultime"]
[Black "rookoco"]
[Result "1-0"]
[WhiteElo "2597"]
[BlackElo "2386"]
[TimeControl "180+2"]
[EndTime "11:49:35 PDT"]
[Termination "wonderfultime won by resignation"]

1. d4 d5 2. c4 c6 3. Nc3 Nf6 4. e3 e6 5. Nf3 Nbd7 6. Bd3 Bd6 7.
O-O O-O 8. e4 dxc4 9. Bxc4 e5 10. Bg5 Qc7 11. h3 exd4 12. Nxd4 Ne5 13. Bb3 Ng6 14.
Bxf6 gxf6 15. Rc1 Bf4 16. Nd5 Qe5 17. Nf3 Qd6 18. Nxf4 Qxf4 19. Re1 Kh8 20. g3 Qh6 21. Qd4 Bxh3 22. Qxf6+ Qg7 23. e5 h6 24. Re3 Rae8 25. Rce1 Re7 26. Nh4 Rfe8 27. Bxf7 Rxf7 28. Nxg6+ Kh7 29.
Qxg7+ Kxg7 30. Nf4 Bf5 31. f3 Rd7 32. Kf2 Rd4 33.
Nh5+ Kf7 34. g4 Be6 35. Kg3 a5 36. a3 a4 37. Nf6 Red8 38. Rh1 Kg7 39. Rh2 Rd2 40. Ree2 R2d3 41. Nh5+ Kh7 42. Nf4 1-0

[Event "*** Titled Tuesday 3|2 Blitz"]
[Site "Chess.com"]
[Date "2016.05.03"]
[Round "4"]
[White "jk13"]
[Black "sandropozo"]
[Result "1-0"]
[WhiteElo "2411"]
[BlackElo "2279"]
[TimeControl "180+2"]
[EndTime "11:49:36 PDT"]
[Termination "jk13 won by resignation"]

1. e4 e6 2. d4 d5 3. Nd2 Ne7 4. Ngf3 Ng6 5. c3 c5 6. exd5 exd5 7. Bb5+ Nc6 8. dxc5 Bxc5 9. O-O O-O 10. Nb3 Bb6 11.
Re1 h6 12. Be3 Be6 13. Bxb6 Qxb6 14. Bd3 Nf4 15. Qd2 Nxd3 16. Qxd3 a5 17. Rab1 Rfe8 18.
Nbd4 Bd7 19. Qb5 Qxb5 20. Nxb5 Bf5 21. Rbd1 Be4 22. Nfd4 Nxd4 23. Nxd4 a4 24. a3 Bd3 25. f3 Bc4 26. Kf2 g6 27. g4 Kg7 28. h4 Kf6 29. Kg3 Rad8 30. Kf4 g5+ 31. Kg3 Rh8 32. h5 Rde8 33. Nf5 Re6 34. Kf2 Rxe1 35. Rxe1 Bd3 36.
Nd4 Rc8 37. Re3 Bh7 38. Kg3 Rd8 39. f4 gxf4+ 40. Kxf4 Be4 41. c4 Rc8 42. Rc3 b6 43. cxd5 Rxc3 44. bxc3 Bxd5 45. Nf5 Bb3 46. Nxh6 Ke6 47.
Nf5 Kf6 48. g5+ Ke6 49. h6 1-0